 Dungeon Crawl Stone Soup version 0.30-a0-632-g346586fe48 (webtiles) character file.

Game seed: 11813119297043035294

366 bmack86 the Chopper (level 6, 0/56 HPs)
             Began as a Minotaur Fighter on Jan 13, 2023.
             Killed by divine providence
             ... invoked by an orc priest
              (10 damage)
             ... on level 4 of the Dungeon.
             The game lasted 00:10:09 (3178 turns).

bmack86 the Chopper (Minotaur Fighter)              Turns: 3178, Time: 00:10:09

Health: 0/56       AC: 12    Str: 22    XL:     6   Next: 40%
Magic:  5/5        EV:  7    Int:  5    God:
Gold:   188        SH:  5    Dex: 10    Spells: 5/5 levels left

rFire   . . .      SeeInvis .    a - +1 war axe
rCold   . . .      Faith    .    c - +0 buckler
rNeg    . . .      Spirit   .    t - +0 chain mail
rPois   .          Reflect  .    (helmet restricted)
rElec   .          Harm     .    (no cloak)
rCorr   .          Rampage  .    r - +1 pair of gloves
Will    +....                    (no boots) Stlth
                                 (no amulet)
HPRegen 0.29/turn                o - ring of willpower
MPRegen 0.09/turn                (no ring)

@: no status effects
A: horns 2, retaliatory headbutt
a: no special abilities


You were on level 4 of the Dungeon.
You visited 2 branches of the dungeon, and saw 5 of its levels.

You collected 188 gold pieces.

Inventory:

Hand Weapons
 a - a +1 war axe (weapon)
Missiles
 e - 6 poisoned darts (quivered)
Armour
 b - a +0 scale mail
 c - a +0 buckler (worn)
 r - a +1 pair of gloves (worn)
 t - a +0 chain mail (worn)
Jewellery
 o - a ring of willpower (left hand)
Scrolls
 g - a scroll of butterflies {unknown}
 k - a scroll of amnesia
 v - 2 scrolls of teleportation
Potions
 d - 3 potions of might
 f - 2 potions of heal wounds {unknown}
 i - a potion of cancellation {unknown}
 j - 2 potions of lignification {unknown}
 m - 3 potions of curing
 p - 2 potions of flight {unknown}
 x - a potion of haste {unknown}


   Skills:
 + Level 5.0 Fighting
 * Level 5.5 Axes
 + Level 0.2 Throwing
 + Level 5.0 Armour
 + Level 5.0 Shields


You had 5 spell levels left.
You didn't know any spells.
Your spell library contained the following spells:

 Spells                   Type           Power      Damage    Failure   Level
 Yara's Violent Unravell  Hex/Tmut       0%         3d3       100%        5
 Enfeeble                 Hex            0%         N/A       100%        7


Dungeon Overview and Level Annotations

Branches:
Dungeon (4/15)             Temple (1/1) D:4

Altars:
Ashenzari
Cheibriados
Dithmenos
Elyvilon
Fedhas
Makhleb
Nemelex Xobeh
Sif Muna
Trog
Uskayaw
Xom
Yredelemnul
The Shining One

Shops:
D:1 (

Annotations:
D:4 3 runed translucent doors, Newt's ghost, amateur DsGl


Innate Abilities, Weirdness & Mutations

You have a pair of horns on your head.
You reflexively headbutt those who attack you in melee.


Message History

Something hits you but does no damage.
The orc priest looks satisfied for a moment.
Something hits you but does no damage. Something hits you.
Something hits you but does no damage. Something hits you but does no damage.
You block something's attack. Something hits you but does no damage.
You hear some strange, mumbled words.
A magic dart appears from out of thin air!
The magic dart hits you but does no damage.
Something hits you but does no damage.
You hear some strange, mumbled words.
A puff of flame appears from out of thin air!
The puff of flame hits you!
* * * LOW HITPOINT WARNING * * *
Something hits you but does no damage. Something hits you but does no damage.
Something hits you.
* * * LOW HITPOINT WARNING * * *
Something hits you.
* * * LOW HITPOINT WARNING * * *
You hear some strange, mumbled words.
You are confused.
Something hits you but does no damage. Something hits you but does no damage.
You hear some strange, mumbled words.
A puff of flame appears from out of thin air!
The puff of flame hits you.
* * * LOW HITPOINT WARNING * * *
Something hits you but does no damage. Something hits you but does no damage.
An orc wizard appears from thin air!
Reactivating autopickup.
The orc wizard hits you but does no damage.
You feel less confused. You block the orc wizard's attack.
The orc priest mumbles some strange prayers to Beogh against you.
Beogh smites you!
You die...

######
#............
##...[.......
#...........
##..........
#.#.......#
##.#.....##
#.###..##
##.# ### #@##
##o#
.oo..o.o#
.o.......
..........
...........
..........##
.........##
........##


You could see an orc priest and an orc wizard.

Vanquished Creatures
  A phantom (D:3)
  A necrophage (D:3)
  An orc wizard (D:3)
  7 adders
  3 gnolls (D:4)
  2 worms
  2 dart slugs
  12 orcs
  6 endoplasms
  8 giant cockroaches
  5 goblins
  5 hobgoblins
  8 jackals
  2 quokkas (D:1)
  7 ball pythons
  6 bats
  A frilled lizard (D:1)
  3 kobolds
  8 rats
88 creatures vanquished.

Notes
Turn   | Place    | Note
-------+----------+-------------------------------------------
     0 | D:1      | bmack86 the Minotaur Fighter began the quest for the Orb.
     0 | D:1      | Reached XP level 1. HP: 19/19 MP: 0/0
   113 | D:1      | Reached XP level 2. HP: 27/27 MP: 1/1
   440 | D:1      | Found Atousyad's Weapon Shoppe.
   497 | D:1      | Reached XP level 3. HP: 33/33 MP: 2/2
  1252 | D:2      | Reached XP level 4. HP: 40/40 MP: 3/3
  1590 | D:3      | Noticed a necrophage
  1595 | D:3      | Killed a necrophage
  1596 | D:3      | Reached XP level 5. HP: 47/47 MP: 4/4
  1820 | D:3      | Found a faded altar of an unknown god.
  2191 | D:3      | Reached skill level 5 in Axes
  2511 | D:4      | Noticed a phantom
  2531 | D:3      | Killed a phantom
  2532 | D:3      | Reached skill level 5 in Shields
  2532 | D:3      | Reached XP level 6. HP: 52/55 MP: 5/5
  2702 | D:4      | Noticed Newt's ghost (amateur DsGl)
  2704 | D:4      | Found a runed translucent gate.
  2712 | D:4      | Reached skill level 5 in Armour
  2717 | D:4      | Reached skill level 5 in Fighting
  2718 | D:4      | Found a runed translucent gate.
  2718 | D:4      | Found a runed translucent gate.
  2805 | D:4      | Found a staircase to the Ecumenical Temple.
  2811 | Temple   | Entered the Ecumenical Temple
  3178 | D:4      | Killed from afar by an orc priest

Illustrated notes

Levels and vault maps discovered:
D:1:      minmay_arrival_up_and_down, layout_basic, serial_shops, shop_statue,
          minmay_tall_x
D:2:      layout_basic, glass_columns_b, kennysheep_generic_room_11
D:3:      mumra_celtic_spiral_tile, layout_basic,
          hellmonk_ecumenical_altar_leap_of_faith
D:4:      layout_cave_pods, minmay_temple_entry_hall, gammafunk_ghost_split
Temple:   oiseaux_autumnal_temple

Skill      XL: |  1  2  3  4  5  6 |
---------------+-------------------+-----
Axes           | 3 4 5 |  5.5
Shields        | 4 5 |  5.0
Fighting       | 4 5 |  5.0
Armour         | 4 5 |  5.0
Throwing       | |  0.2

Action                   |  1- 3 |  4- 6 || total
-------------------------+-------+-------++-------
Melee: War axe           |    81 |    97 ||   178
       Headbutt          |     8 |    10 ||    18
  Use: Scroll            |       |    11 ||    11
Armor: Scale mail        |    65 |    12 ||    77
       Chain mail        |       |    84 ||    84
Dodge: Dodged            |    62 |    36 ||    98
Block: Buckler           |    33 |    24 ||    57

Table legend: (Time is in decaauts)
 A = Elapsed time spent in this place.
 B = Non-inter-level travel time spent in this place.
 C = Inter-level travel time spent in this place.
 D = Time resting spent in this place.
 E = Time spent auto-exploring this place.
 F = Levels seen in this place.
 G = Mean time per level.
                   A        B        C        D        E       F      G
               +--------+--------+--------+--------+--------+-----+--------+
         Total |   3250 |   3131 |    119 |      0 |   1841 |   5 |  650.0 |
       Dungeon |   2942 |   2856 |     86 |      0 |   1599 |   4 |  735.5 |
        Temple |    307 |    274 |     33 |      0 |    242 |   1 |  307.0 |
               +--------+--------+--------+--------+--------+-----+--------+

Top non-repeatable levels by time:
     D:3: 957 daAuts
     D:2: 888 daAuts
     D:1: 736 daAuts
     D:4: 359 daAuts
  Temple: 307 daAuts
